AoeStats
← Mr_Unorthodox_

Arena

508795362Analyzed
1v1 RM · 9d ago on Sep 24, 2026· 51m 20s· 2 players
Game mode
Random Map
Map size
Tiny (2 player)
Population
200
Speed
Normal
Resources
Standard
Victory
Conquest
Starting age
Dark Age
Ending age
Imperial Age
RankedLock teamsTeams togetherTeam positionsShared explorationLock speedFull tech treeHidden civsTurbo modeCheats
Victory
Defeat
🇺🇸 Italians · United States
1085
+15
🇺🇸 Persians · United States
1064
-15
thermalMane
10:36 Feudal Age
11:09 Double-Bit Axe
14:53 Castle Age
13:11 Horse Collar
15:30 Bow Saw
15:47 Elite Skirmisher
18:51 Husbandry
21:00 Bloodlines
24:38 Fletching
24:55 Thumb Ring
25:14 Heavy Plow
25:29 Light Cavalry
30:28 Wheelbarrow
30:05 Gold Mining
30:09 Stone Mining
31:19 Padded Archer Armor
31:59 Kamandaran
35:22 Imperial Age
34:02 Gold Shaft Mining
32:52 Crossbowman
34:53 Ballistics
34:52 Forging
34:48 Scale Barding Armor
35:04 Leather Archer Armor
40:23 Conscription
40:41 Bodkin Arrow
41:17 Ring Archer Armor
43:20 Iron Casting
43:06 Chain Barding Armor
48:08 Crop Rotation
48:52 Two-Man Saw
47:55 Cavalier
50:52 Blast Furnace
Mr_Unorthodox_
7:23 Loom
13:10 Feudal Age
13:53 Double-Bit Axe
16:59 Castle Age
14:59 Horse Collar
18:20 Thumb Ring
21:25 Fletching
23:06 Bow Saw
22:52 Crossbowman
24:13 Bodkin Arrow
31:28 Imperial Age
30:03 Padded Archer Armor
30:04 Scale Mail Armor
30:15 Forging
30:43 Squires
31:39 Capped Ram
31:59 Arbalester
34:22 Bracer
35:24 Chain Mail Armor
40:11 Ballistics
40:52 Chemistry
40:02 Scale Barding Armor
43:13 Elite Skirmisher
44:18 Arson
44:53 Leather Archer Armor
47:49 Plate Mail Armor
49:03 Pikeman
Connection lost

Rejoining the realm…

Still unreachable

The connection could not be restored.

Session expired

The server has moved on; the page needs a fresh start.